 Dungeon Crawl Stone Soup version 0.26.1-2-gb8aa6d0cf2 (webtiles) character file.

Game seed: 3733167444318198294

95 smokedtuna the Skirmisher (level 4, 0/37 HPs)
             Began as a Merfolk Fighter on Mar 30, 2021.
             Succumbed to a kobold's poison
             ... on level 3 of the Dungeon.
             The game lasted 00:08:03 (1343 turns).

smokedtuna the Skirmisher (Merfolk Fighter)         Turns: 1343, Time: 00:08:04

Health: 0/37       AC:  6    Str: 16    XL:     4   Next: 66%
Magic:  4/4        EV:  7    Int:  7    God:
Gold:   117        SH:  9    Dex: 20    Spells: 3/3 levels left

rFire    x . .     SeeInvis .   a - +0 rapier
rCold    + . .     Faith    .   c - +0 kite shield
rNeg     . . .     Spirit   .   b - +0 scale mail
rPois    .         Reflect  .   (no helmet)
rElec    .         Harm     .   (no cloak)
rCorr    .         Rampage  .   (no gloves)
Will     .....                  (no boots)
Stlth    +.........             (no amulet)
HPRegen  0.12/turn              l - ring of ice
MPRegen  0.09/turn              m - +6 ring of dexterity

@: mighty, lethally poisoned (0 -> -6)
A: change form in water, swift swim, stealthy swim
a: no special abilities


You were on level 3 of the Dungeon.
You visited 1 branch of the dungeon, and saw 3 of its levels.

You collected 117 gold pieces.

Inventory:

Hand Weapons
 a - a +0 rapier (weapon)
Armour
 b - a +0 scale mail (worn)
 c - a +0 kite shield (worn)
Jewellery
 l - a ring of ice (left hand)
 m - a +6 ring of dexterity (right hand)
Scrolls
 i - a scroll of magic mapping {unknown}
 n - a scroll of remove curse {unknown}
Potions
 f - a potion of degeneration {unknown}
 g - a potion of flight {unknown}
 h - a potion of ambrosia {unknown}
 j - a potion of attraction {unknown}
 k - a potion of heal wounds {unknown}


   Skills:
 + Level 3.8 Fighting
 * Level 3.6 Short Blades
 + Level 2.5 Armour
 + Level 1.8 Stealth
 + Level 3.5 Shields


You had 3 spell levels left.
You didn't know any spells.
Your spell library was empty.

Dungeon Overview and Level Annotations

Branches:
Dungeon (3/15)

Altars:
Qazlal
Yredelemnul

Annotations:
D:2 Sigmund


Message History

* * * LOW HITPOINT WARNING * * *
You closely miss the adder.
The adder is heavily wounded.
You block the kobold's attack. The adder bites you but does no damage.
You miss the adder.
The adder is heavily wounded.
The adder bites you but does no damage. You block the kobold's attack.
The adder bites you but does no damage.
The kobold throws a poisoned dart.
The poisoned dart hits you!
You are lethally poisoned!
You see here a poisoned dart.
You puncture the adder!
You kill the adder!
* * * LOW HITPOINT WARNING * * *
You feel sick.
The kobold throws a poisoned dart.
You block the poisoned dart.
* * * LOW HITPOINT WARNING * * *
You feel sick.
* * * LOW HITPOINT WARNING * * *
You feel sick.
You die...

#............#
#K####.####.♣P #.#
#......♣
.#########K####..##.♣♣
.............(...#
.......w#######..♣
####.##K##.......♣♣
##...#(#...###...≈
........K.#@.....PP
###...###.#.###..♣♣
##.# ..#.. . ...
####### ###


There were no monsters in sight!

Vanquished Creatures
  2 gnolls (D:2)
  2 adders
  2 oozes (D:1)
  3 bats
  2 giant cockroaches (D:1)
  8 goblins
  6 hobgoblins
  7 jackals
  4 kobolds
  A quokka (D:2)
  6 frilled lizards
  4 rats
47 creatures vanquished.

Vanquished Creatures (others)
  2 plants (D:3)
2 creatures vanquished.

Grand Total: 49 creatures vanquished

Notes
Turn   | Place    | Note
-------+----------+-------------------------------------------
     0 | D:1      | smokedtuna the Merfolk Fighter began the quest for the Orb.
     0 | D:1      | Reached XP level 1. HP: 18/18 MP: 1/1
    78 | D:1      | Reached XP level 2. HP: 22/24 MP: 2/2
   122 | D:1      | Reached XP level 3. HP: 13/29 MP: 3/3
   379 | D:1      | Reached skill level 1 in Stealth
   873 | D:2      | Reached XP level 4. HP: 36/37 MP: 4/4
   963 | D:2      | Noticed an earth elemental
  1081 | D:2      | Found a stormy altar of Qazlal.
  1082 | D:2      | Noticed an air elemental
  1082 | D:2      | Noticed a water elemental
  1082 | D:2      | Noticed a fire elemental
  1191 | D:2      | Found a basalt altar of Yredelemnul.
  1271 | D:2      | Noticed Sigmund
  1341 | D:3      | HP: 1/37 [poisoned by a kobold]
  1343 | D:3      | Succumbed to a kobold's poison

Illustrated notes

Levels and vault maps discovered:
D:1:      dpeg_arrival_lava_temple_mockup, layout_basic
D:2:      layout_rooms, nicolae_qazlal_style_of_elements, marbit_many_paths,
          chequers_ecumenical_altar_island, uniq_sigmund
D:3:      layout_loops_ring, nicolae_overflow_hidden_temple, serial_bayou,
          serial_bayou_pond_b, serial_bayou_pond_b, serial_bayou_pond_e,
          serial_bayou_crossing

Skill      XL: |  1  2  3 |
---------------+----------+-----
Short Blades   | 3 |  3.6
Stealth        | 1 |  1.8
Fighting       | |  3.8
Armour         | |  2.5
Shields        | |  3.5

Action                   |  1- 3 |  4- 6 || total
-------------------------+-------+-------++-------
Melee: Rapier            |   107 |    41 ||   148
  Use: Scroll            |       |     2 ||     2
       Potion            |       |     1 ||     1
Armor: Scale mail        |    35 |    19 ||    54
Dodge: Dodged            |    34 |     9 ||    43
Block: Kite shield       |    50 |    19 ||    69
